Rangers vs Blackhawks

Created - 18 janvier 2018 at 18:24

Goals
1 2 3 T
Rangers 0 2 0 2
Blackhawks 0 3 0 3
Shots
1 2 3 T
Rangers 10 20 12 42
Blackhawks 10 12 8 30

1st period

No Goal

Penalties :
Johan Larsson (NYR) for Holding (Minor) at 16:38

2nd period

1. Rangers , Jason Chimera 5 (Torrey Mitchell 13, Brayden Schenn 14) at 8:47
2. Rangers , Ron Hainsey 2 (Artemi Panarin 27, Brayden Schenn 15) at 17:24 (PP)
3. Blackhawks , Andrew Shaw 19 (Alexander Steen 17) at 17:46
4. Blackhawks , Marc Methot 2 (Alexander Steen 18, Andrew Shaw 11) at 18:34
5. Blackhawks , Zach Parise 12 (Alexander Steen 19) at 19:24 (PP)

Penalties :
Niklas Hjalmarsson (CHI) for Holding (Minor) at 1:01, Andrew Shaw (CHI) for Hooking (Minor) at 6:38, Alexander Steen (CHI) for Slashing (Minor) at 17:07, Ian Cole (NYR) for Hooking (Minor) at 19:23

3rd period

No Goal

Penalties :
Ryan Ellis (CHI) for Hooking (Minor) at 3:41

Goalie Stats

Philipp Grubauer (NYR), 27 saves from 30 shots - (0,900), L, 2-5-0, 59:02 minutes
Mike Condon (CHI), 40 saves from 42 shots - (0,952), W, 2-2-1, 60:00 minutes

Players Stats for Rangers

Player Name              G  A  P  +/- PIM S  H  SB GA TA FO     MP     PP MP  PK MP  
------------------------------------------------------------------------------------
Artemi Panarin           0  1  1   0  0   6  1  0  1  1  1/2    20:53   3:32   0:00 
Ben Smith                0  0  0   0  0   0  0  0  0  0  1/2     8:23   0:00   1:01 
Brayden Schenn           0  2  2   0  0   4  0  0  1  1  0/1    21:46   3:32   0:53 
Esa Lindell              0  0  0   1  0   0  1  0  0  0  0/0    20:35   0:00   0:01 
Ian Cole                 0  0  0  -2  2   0  2  3  0  0  0/0    21:15   1:36   1:05 
Jason Chimera            1  0  1   1  0   3  3  0  1  0  0/0    13:23   0:03   0:27 
Jason Spezza             0  0  0   0  0   1  0  0  1  1  16/28  19:53   3:32   0:09 
Johan Larsson            0  0  0   0  2   1  2  0  0  0  3/3     7:22   0:00   0:01 
Justin Williams          0  0  0  -2  0   3  0  1  0  0  0/0    17:49   2:39   0:00 
Kyle Connor              0  0  0  -2  0   8  0  1  1  1  1/1    18:33   2:39   0:39 
Marc-Andre Bergeron      0  0  0   1  0   1  1  0  0  1  0/0    12:45   0:00   0:00 
Matt Niskanen            0  0  0  -2  0   2  4  2  0  1  0/0    23:18   4:38   0:54 
Mike Ribeiro             0  0  0  -2  0   4  2  0  0  0  13/20  17:49   2:39   0:00 
Nick Ritchie             0  0  0   1  0   1  4  0  0  0  0/0    11:52   0:00   0:00 
Ron Hainsey              1  0  1   0  0   7  0  1  0  0  0/0    18:26   4:38   0:54 
Shawn Matthias           0  0  0   0  0   1  1  0  1  0  0/0     8:11   0:03   0:45 
Torrey Mitchell          0  1  1   1  0   0  0  0  0  0  2/7    12:05   0:03   0:05 
Zdeno Chara              0  0  0   0  0   0  2  0  0  2  0/0    23:40   1:36   1:06 

Players Stats for Blackhawks

Player Name              G  A  P  +/- PIM S  H  SB GA TA FO     MP     PP MP  PK MP  
------------------------------------------------------------------------------------
Alexander Steen          0  3  3   1  2   1  2  0  0  1  7/16   18:22   0:55   2:28 
Andrew Shaw              1  1  2   1  2   3  6  0  0  0  1/3    16:00   0:55   0:06 
Andy Greene              0  0  0   2  0   1  1  2  0  2  0/0    22:27   1:02   2:31 
Brandon Davidson         0  0  0   0  0   0  0  1  0  0  0/0    15:51   0:04   2:20 
Brett Connolly           0  0  0   0  0   0  0  1  2  0  0/0     8:15   0:04   0:00 
Cam Atkinson             0  0  0   0  0   5  2  0  1  1  0/1    18:20   1:01   1:17 
Carl Hagelin             0  0  0   0  0   2  0  0  0  0  0/0    12:40   0:04   0:00 
Chris Kunitz             0  0  0  -1  0   0  0  1  0  0  0/0     9:26   0:00   1:17 
Derek Forbort            0  0  0   0  0   0  0  0  0  0  0/0    13:58   0:04   0:00 
Eric Staal               0  0  0   0  0   3  0  0  2  0  14/31  20:52   1:01   3:40 
Henrik Zetterberg        0  0  0   0  0   4  1  0  0  1  2/3    20:52   1:01   3:40 
Marc Methot              1  0  1   2  0   3  0  1  1  0  0/0    21:52   1:02   2:23 
Niklas Hjalmarsson       0  0  0  -1  2   0  1  1  0  0  0/0    22:33   0:54   2:30 
Ryan Ellis               0  0  0  -1  2   1  4  2  0  1  0/0    23:26   0:54   2:44 
Sven Andrighetto         0  0  0   0  0   0  0  0  0  0  1/2    12:24   0:00   0:00 
Vladislav Namestnikov    0  0  0   0  0   0  0  0  1  0  0/2     7:59   0:00   0:00 
Yanni Gourde             0  0  0   0  0   2  0  0  1  0  2/6    12:40   0:04   0:00 
Zach Parise              1  0  1   2  0   5  0  0  0  0  0/0    15:45   0:55   0:00 

3 Stars

1 - Mike Condon (CHI)
2 - Andrew Shaw (CHI)
3 - Alexander Steen (CHI)

Power Play

Rangers - 1 on 4 Attempt(s) - 25,00%
Blackhawks - 1 on 2 Attempt(s) - 50,00%

Penalty Kill

Rangers - 1 on 2 Attempt(s) - 50,00% - Score 0 goal in Penalty Kill
Blackhawks - 3 on 4 Attempt(s) - 75,00% - Score 0 goal in Penalty Kill

Team Stat

Rangers - Hits : 23 - Faceoff Wins : 37 - Blocked Shots : 8 - Penalty Minutes : 4
Blackhawks - Hits : 17 - Faceoff Wins : 27 - Blocked Shots : 9 - Penalty Minutes : 8

Official

Referees : Kelly Sutherland and Evgeny Romasko
Linesman : Derek Amell and Jay Sharrers

Game Notes

No Game Note

Finance

Level 1 -- Attendance: 4326 (72,10%) -- Ticket Income 432 600 $
Level 2 -- Attendance: 4560 (91,20%) -- Ticket Income 273 600 $
Level 3 -- Attendance: 1970 (98,50%) -- Ticket Income 68 950 $
Level 4 -- Attendance: 4000 (100,00%) -- Ticket Income 80 000 $
Luxury Box -- Attendance: 715 (71,50%) -- Ticket Income 143 000 $
Game was played at the United Center.
Total Attendance: 15571 (86,51%)
Total Ticket Income: 998 150 $
Other Income: 489 094 $
Total Income: 1 487 244 $

Rangers

5 vs 5 Forward 
   Center                   Left Wing                Right Wing               Time % Phy DF OF 
 1 Jason Spezza             Artemi Panarin           Brayden Schenn           36     0   2  3  
 2 Mike Ribeiro             Kyle Connor              Justin Williams          32     0   2  3  
 3 Torrey Mitchell          Nick Ritchie             Jason Chimera            20     0   3  2  
 4 Johan Larsson            Shawn Matthias           Ben Smith                12     0   4  1  

5 vs 5 Defense 
   Defense                  Defense                                           Time % Phy DF OF 
 1 Zdeno Chara              Esa Lindell                                       40     1   2  2  
 2 Matt Niskanen            Ian Cole                                          35     1   2  2  
 3 Ron Hainsey              Marc-Andre Bergeron                               25     1   2  2  
 4 Esa Lindell              Zdeno Chara                                       0      1   2  2  

PowerPlay Forward 
   Center                   Left Wing                Right Wing               Time % Phy DF OF 
 1 Jason Spezza             Artemi Panarin           Brayden Schenn           60     0   1  4  
 2 Mike Ribeiro             Kyle Connor              Justin Williams          40     0   1  4  

PowerPlay Defense
   Defense                  Defense                                           Time % Phy DF OF 
 1 Matt Niskanen            Ron Hainsey                                       60     0   1  4  
 2 Zdeno Chara              Ian Cole                                          40     0   1  4  

Penalty Kill 4 Players Forward 
   Center                   Wing                     Time % Phy DF OF 
 1 Ben Smith                Johan Larsson            60     0   4  1  
 2 Torrey Mitchell          Shawn Matthias           40     0   4  1  

Penalty Kill 4 Players Defense
   Defense                  Defense                  Time % Phy DF OF 
 1 Zdeno Chara              Ian Cole                 60     0   4  1  
 2 Matt Niskanen            Ron Hainsey              40     0   4  1  

Penalty Kill - 3 Players Forward 
   Forward                                           Time % Phy DF OF 
 1 Ben Smith                                         60     0   4  1  
 2 Torrey Mitchell                                   40     0   4  1  

Penalty Kill - 3 Players Defense
   Defense                  Defense                  Time % Phy DF OF 
 1 Zdeno Chara              Esa Lindell              60     0   4  1  
 2 Ian Cole                 Ron Hainsey              40     0   4  1  

4 vs 4 Forward 
   Center                   Wing                     Time % Phy DF OF 
 1 Torrey Mitchell          Jason Chimera            60     0   3  2  
 2 Ben Smith                Johan Larsson            40     0   3  2  

4 vs 4 Defense
   Defense                  Defense                  Time % Phy DF OF 
 1 Matt Niskanen            Ian Cole                 60     0   3  2  
 2 Zdeno Chara              Ron Hainsey              40     0   3  2  

Last Minutes Offensive
   Center                   Left Wing                Right Wing               Defense                  Defense                  
   Brayden Schenn           Artemi Panarin           Jason Chimera            Matt Niskanen            Ian Cole                 

Last Minutes Defensive
   Center                   Left Wing                Right Wing               Defense                  Defense                  
   Ben Smith                Johan Larsson            Torrey Mitchell          Zdeno Chara              Esa Lindell              

Goaltenders
Starting : Philipp Grubauer         
Backup : Henrik Lundqvist         

Extra Forwards
Normal : Torrey Mitchell, Kyle Connor, Nick Ritchie - PP : Jason Chimera, Kyle Connor - PK : Shawn Matthias
Extra Defensemen
Normal : Ian Cole, Esa Lindell, Matt Niskanen - PP : Esa Lindell - PK : Esa Lindell, Ron Hainsey
Penalty Shots
Artemi Panarin, Jason Spezza, Ben Smith, Mike Ribeiro, Justin Williams
Custom OT Lines Forwards
Ben Smith, Torrey Mitchell, Kyle Connor, Shawn Matthias, Jason Chimera, Johan Larsson, Artemi Panarin, Brayden Schenn, Jason Spezza, Nick Ritchie
Custom OT Lines Defensemen
Zdeno Chara, Ian Cole, Ron Hainsey, Esa Lindell, Matt Niskanen

Scratches
Anton Lander (Healthy), Brian Flynn (Healthy)

Blackhawks

5 vs 5 Forward 
   Center                   Left Wing                Right Wing               Time % Phy DF OF 
 1 Eric Staal               Henrik Zetterberg        Cam Atkinson             35     0   1  4  
 2 Alexander Steen          Zach Parise              Andrew Shaw              33     0   2  3  
 3 Yanni Gourde             Carl Hagelin             Sven Andrighetto         22     0   2  3  
 4 Vladislav Namestnikov    Chris Kunitz             Brett Connolly           10     1   2  2  

5 vs 5 Defense 
   Defense                  Defense                                           Time % Phy DF OF 
 1 Ryan Ellis               Niklas Hjalmarsson                                40     0   2  3  
 2 Marc Methot              Andy Greene                                       37     0   2  3  
 3 Derek Forbort            Brandon Davidson                                  23     0   2  3  
 4 Ryan Ellis               Niklas Hjalmarsson                                0      1   2  2  

PowerPlay Forward 
   Center                   Left Wing                Right Wing               Time % Phy DF OF 
 1 Eric Staal               Henrik Zetterberg        Cam Atkinson             60     0   0  5  
 2 Alexander Steen          Zach Parise              Andrew Shaw              40     0   0  5  

PowerPlay Defense
   Defense                  Defense                                           Time % Phy DF OF 
 1 Ryan Ellis               Niklas Hjalmarsson                                60     0   1  4  
 2 Marc Methot              Andy Greene                                       40     0   1  4  

Penalty Kill 4 Players Forward 
   Center                   Wing                     Time % Phy DF OF 
 1 Eric Staal               Henrik Zetterberg        60     0   5  0  
 2 Alexander Steen          Cam Atkinson             40     0   5  0  

Penalty Kill 4 Players Defense
   Defense                  Defense                  Time % Phy DF OF 
 1 Ryan Ellis               Niklas Hjalmarsson       60     0   5  0  
 2 Marc Methot              Andy Greene              40     0   5  0  

Penalty Kill - 3 Players Forward 
   Forward                                           Time % Phy DF OF 
 1 Eric Staal                                        60     1   2  2  
 2 Henrik Zetterberg                                 40     1   2  2  

Penalty Kill - 3 Players Defense
   Defense                  Defense                  Time % Phy DF OF 
 1 Ryan Ellis               Niklas Hjalmarsson       60     1   2  2  
 2 Marc Methot              Andy Greene              40     1   2  2  

4 vs 4 Forward 
   Center                   Wing                     Time % Phy DF OF 
 1 Eric Staal               Henrik Zetterberg        60     1   2  2  
 2 Alexander Steen          Cam Atkinson             40     1   2  2  

4 vs 4 Defense
   Defense                  Defense                  Time % Phy DF OF 
 1 Ryan Ellis               Niklas Hjalmarsson       60     1   2  2  
 2 Marc Methot              Andy Greene              40     1   2  2  

Last Minutes Offensive
   Center                   Left Wing                Right Wing               Defense                  Defense                  
   Eric Staal               Henrik Zetterberg        Cam Atkinson             Ryan Ellis               Niklas Hjalmarsson       

Last Minutes Defensive
   Center                   Left Wing                Right Wing               Defense                  Defense                  
   Eric Staal               Henrik Zetterberg        Cam Atkinson             Ryan Ellis               Niklas Hjalmarsson       

Goaltenders
Starting : Mike Condon              
Backup : Frederik Andersen        

Extra Forwards
Normal : Yanni Gourde, Carl Hagelin, Chris Kunitz - PP : Yanni Gourde, Carl Hagelin - PK : Chris Kunitz
Extra Defensemen
Normal : Derek Forbort, Brandon Davidson, Marc Methot - PP : Derek Forbort - PK : Brandon Davidson, Marc Methot
Penalty Shots
Eric Staal, Henrik Zetterberg, Alexander Steen, Cam Atkinson, Zach Parise
Custom OT Lines Forwards
Eric Staal, Henrik Zetterberg, Alexander Steen, Cam Atkinson, Zach Parise, Yanni Gourde, Andrew Shaw, Carl Hagelin, Chris Kunitz, Vladislav Namestnikov
Custom OT Lines Defensemen
Ryan Ellis, Niklas Hjalmarsson, Marc Methot, Andy Greene, Derek Forbort

Scratches
Tanner Glass (Healthy)

% Time on Ice - Rangers

Lines # - Real PCT - Wanted PCT - Time Play
Normal Forward
1 - 32% - 36% - 16:13
2 - 32% - 32% - 16:00
3 - 22% - 20% - 11:02
4 - 15% - 12% - 7:22
Normal Defense
1 - 41% - 40% - 20:56
2 - 33% - 35% - 16:56
3 - 25% - 25% - 12:45
4 - 0% - 0% - 0:00
PP Forward
1 - 57% - 60% - 3:35
2 - 43% - 40% - 2:39
PP Defense
1 - 74% - 60% - 4:38
2 - 26% - 40% - 1:36
PK Forward
1 - 96% - 60% - 1:55
2 - 4% - 40% - 0:05
PK Defense
1 - 55% - 60% - 1:06
2 - 45% - 40% - 0:54
PK3 Forward
1 - 0% - 60%
2 - 0% - 40%
PK3 Defense
1 - 0% - 60%
2 - 0% - 40%
44 Forward
1 - 0% - 60%
2 - 0% - 40%
44 Defense
1 - 0% - 60%
2 - 0% - 40%
Last Minute Offensive  - 1:09
Last Minute Defensive  - 0:00
Total
Forward - 60:00
Defense - 60:00

% Time on Ice - Blackhawks

Lines # - Real PCT - Wanted PCT - Time Play
Normal Forward
1 - 30% - 35% - 15:23
2 - 29% - 33% - 14:50
3 - 25% - 22% - 12:24
4 - 16% - 10% - 7:59
Normal Defense
1 - 38% - 40% - 19:17
2 - 36% - 37% - 18:27
3 - 25% - 23% - 12:52
4 - 0% - 0% - 0:00
PP Forward
1 - 54% - 60% - 1:05
2 - 46% - 40% - 0:55
PP Defense
1 - 48% - 60% - 0:58
2 - 52% - 40% - 1:02
PK Forward
1 - 79% - 60% - 4:57
2 - 21% - 40% - 1:17
PK Defense
1 - 62% - 60% - 3:51
2 - 38% - 40% - 2:23
PK3 Forward
1 - 0% - 60%
2 - 0% - 40%
PK3 Defense
1 - 0% - 60%
2 - 0% - 40%
44 Forward
1 - 0% - 60%
2 - 0% - 40%
44 Defense
1 - 0% - 60%
2 - 0% - 40%
Last Minute Offensive  - 0:00
Last Minute Defensive  - 1:10
Total
Forward - 60:00
Defense - 60:00

Play by Play

1st period


0:01 of 1st period - Henrik Zetterberg wins face-off versus Jason Spezza in neutral zone.
0:08 of 1st period - Wrist shot by Cam Atkinson.
0:08 of 1st period - Stopped by Philipp Grubauer without a rebound.
0:09 of 1st period - Eric Staal wins face-off versus Jason Spezza in Rangers zone.
0:28 of 1st period - Snap shot by Cam Atkinson.
0:28 of 1st period - Stopped by Philipp Grubauer without a rebound.
0:29 of 1st period - Mike Ribeiro wins face-off versus Alexander Steen in Rangers zone.
0:59 of 1st period - Snap shot by Justin Williams.
0:59 of 1st period - Stopped by Mike Condon with a rebound.
1:03 of 1st period - Snap shot by Kyle Connor.
1:03 of 1st period - Stopped by Mike Condon with a rebound.
1:05 of 1st period - Wrist shot by Justin Williams.
1:05 of 1st period - Shot Blocked by Andy Greene.
1:07 of 1st period - Slapshot by Ron Hainsey.
1:07 of 1st period - Shot Hit the Post.
1:09 of 1st period - Slapshot by Ron Hainsey.
1:09 of 1st period - Stopped by Mike Condon with a rebound.
1:11 of 1st period - Snap shot by Ron Hainsey.
1:11 of 1st period - Shot Blocked by Chris Kunitz.
1:13 of 1st period - Backhand shot by Ron Hainsey.
1:13 of 1st period - Deflect By Vladislav Namestnikov.
1:13 of 1st period - Stopped by Mike Condon with a rebound.
1:15 of 1st period - Slapshot by Marc-Andre Bergeron.
1:15 of 1st period - Stopped by Mike Condon without a rebound.
1:16 of 1st period - Sven Andrighetto wins face-off versus Torrey Mitchell in Blackhawks zone.
2:08 of 1st period - Artemi Panarin is hit by Ryan Ellis and loses puck.
2:35 of 1st period - Snap shot by Yanni Gourde.
2:35 of 1st period - Stopped by Philipp Grubauer with a rebound.
2:45 of 1st period - Alexander Steen is hit by Marc-Andre Bergeron and loses puck.
3:13 of 1st period - Eric Staal is hit by Esa Lindell and loses puck.
3:24 of 1st period - Andy Greene is hit by Artemi Panarin and loses puck.
4:10 of 1st period - Esa Lindell is hit by Alexander Steen and loses puck.
4:19 of 1st period - Alexander Steen is hit by Nick Ritchie.
5:21 of 1st period - Snap shot by Cam Atkinson.
5:21 of 1st period - Stopped by Philipp Grubauer with a rebound.
5:23 of 1st period - Snap shot by Cam Atkinson.
5:23 of 1st period - Stopped by Philipp Grubauer without a rebound.
5:24 of 1st period - Andrew Shaw wins face-off versus Mike Ribeiro in Rangers zone.
5:49 of 1st period - Sven Andrighetto is hit by Jason Chimera and loses puck.
6:01 of 1st period - Slapshot by Jason Chimera.
6:01 of 1st period - Stopped by Mike Condon with a rebound.
8:12 of 1st period - Snap shot by Artemi Panarin.
8:12 of 1st period - Stopped by Mike Condon without a rebound.
8:13 of 1st period - Jason Spezza wins face-off versus Yanni Gourde in Blackhawks zone.
8:25 of 1st period - Icing by Ian Cole.
8:26 of 1st period - Eric Staal wins face-off versus Jason Spezza in Rangers zone.
8:29 of 1st period - Wrist shot by Henrik Zetterberg.
8:29 of 1st period - Stopped by Philipp Grubauer with a rebound.
8:31 of 1st period - Slapshot by Andy Greene.
8:31 of 1st period - Stopped by Philipp Grubauer without a rebound.
8:32 of 1st period - Mike Ribeiro wins face-off versus Cam Atkinson in Rangers zone.
8:43 of 1st period - Justin Williams is hit by Andy Greene.
9:27 of 1st period - Snap shot by Artemi Panarin.
9:27 of 1st period - Shot Misses the Net.
9:29 of 1st period - Slapshot by Matt Niskanen.
9:29 of 1st period - Stopped by Mike Condon without a rebound.
9:30 of 1st period - Mike Ribeiro wins face-off versus Alexander Steen in Blackhawks zone.
9:31 of 1st period - Snap shot by Kyle Connor.
9:31 of 1st period - Shot Misses the Net.
9:46 of 1st period - Snap shot by Kyle Connor.
9:46 of 1st period - Stopped by Mike Condon without a rebound.
9:47 of 1st period - Eric Staal wins face-off versus Torrey Mitchell in Blackhawks zone.
10:51 of 1st period - Yanni Gourde is hit by Zdeno Chara and loses puck.
11:03 of 1st period - Off-side.
11:04 of 1st period - Johan Larsson wins face-off versus Vladislav Namestnikov in neutral zone.
11:14 of 1st period - Wrist shot by Johan Larsson.
11:14 of 1st period - Shot Misses the Net.
11:16 of 1st period - Slapshot by Ben Smith.
11:16 of 1st period - Shot Misses the Net.
11:18 of 1st period - Slapshot by Ron Hainsey.
11:18 of 1st period - Stopped by Mike Condon without a rebound.
11:19 of 1st period - Mike Ribeiro wins face-off versus Eric Staal in Blackhawks zone.
11:43 of 1st period - Icing by Cam Atkinson.
11:44 of 1st period - Artemi Panarin wins face-off versus Alexander Steen in Blackhawks zone.
11:47 of 1st period - Slapshot by Brayden Schenn.
11:47 of 1st period - Shot Misses the Net.
11:53 of 1st period - Slapshot by Zach Parise.
11:53 of 1st period - Stopped by Philipp Grubauer without a rebound.
11:54 of 1st period - Eric Staal wins face-off versus Torrey Mitchell in Rangers zone.
12:07 of 1st period - Wrist shot by Henrik Zetterberg.
12:07 of 1st period - Stopped by Philipp Grubauer with a rebound.
12:58 of 1st period - Brandon Davidson is hit by Nick Ritchie.
14:22 of 1st period - Carl Hagelin is hit by Matt Niskanen and loses puck.
15:21 of 1st period - Snap shot by Eric Staal.
15:21 of 1st period - Shot Misses the Net.
15:44 of 1st period - Wrist shot by Alexander Steen.
15:44 of 1st period - Shot Misses the Net.
16:38 of 1st period - Minor Penalty to Johan Larsson for Holding.
16:39 of 1st period - Ben Smith wins face-off versus Eric Staal in Rangers zone.
16:47 of 1st period - Backhand shot by Henrik Zetterberg.
16:47 of 1st period - Stopped by Philipp Grubauer with a rebound.
17:14 of 1st period - Ben Smith is hit by Andrew Shaw and loses puck.
17:33 of 1st period - Ben Smith is hit by Alexander Steen and loses puck.
18:38 of 1st period - Penalty to Johan Larsson is over, Johan Larsson is back on ice.
18:49 of 1st period - Off-side.
18:50 of 1st period - Mike Ribeiro wins face-off versus Yanni Gourde in neutral zone.
19:11 of 1st period - Derek Forbort is hit by Jason Chimera and loses puck.
19:28 of 1st period - Snap shot by Yanni Gourde.
19:28 of 1st period - Shot Misses the Net.
Goals for this period are 0 for Rangers vs 0 for Blackhawks.
Shots for this period are 10 for Rangers vs 10 for Blackhawks.

2nd period


0:01 of 2nd period - Jason Spezza wins face-off versus Eric Staal in neutral zone.
0:03 of 2nd period - Off-side.
0:04 of 2nd period - Eric Staal wins face-off versus Jason Spezza in neutral zone.
0:07 of 2nd period - Brayden Schenn is hit by Henrik Zetterberg and loses puck.
0:40 of 2nd period - Snap shot by Zach Parise.
0:40 of 2nd period - Shot Blocked by Ian Cole.
0:42 of 2nd period - Snap shot by Andrew Shaw.
0:42 of 2nd period - Shot Misses the Net.
0:56 of 2nd period - Wrist shot by Jason Chimera.
0:56 of 2nd period - Shot Misses the Net.
0:58 of 2nd period - Slapshot by Ian Cole.
0:58 of 2nd period - Deflect By Nick Ritchie.
0:58 of 2nd period - Shot Misses the Net.
0:58 of 2nd period - Puck is out of play.
0:59 of 2nd period - Eric Staal wins face-off versus Jason Spezza in Blackhawks zone.
1:01 of 2nd period - Minor Penalty to Niklas Hjalmarsson for Holding.
1:02 of 2nd period - Jason Spezza wins face-off versus Eric Staal in Blackhawks zone.
1:14 of 2nd period - Wrist shot by Henrik Zetterberg.
1:14 of 2nd period - Deflect By Brayden Schenn.
1:14 of 2nd period - Shot Blocked by Ron Hainsey.
1:14 of 2nd period - Puck is out of play.
1:15 of 2nd period - Eric Staal wins face-off versus Jason Spezza in Rangers zone.
1:56 of 2nd period - Wrist shot by Matt Niskanen.
1:56 of 2nd period - Shot Misses the Net.
3:01 of 2nd period - Penalty to Niklas Hjalmarsson is over, Niklas Hjalmarsson is back on ice.
3:02 of 2nd period - Henrik Zetterberg is hit by Ian Cole and loses puck.
3:23 of 2nd period - Sven Andrighetto is hit by Nick Ritchie.
3:24 of 2nd period - Icing by Sven Andrighetto.
3:25 of 2nd period - Johan Larsson wins face-off versus Yanni Gourde in Blackhawks zone.
3:54 of 2nd period - Snap shot by Carl Hagelin.
3:54 of 2nd period - Stopped by Philipp Grubauer with a rebound.
3:56 of 2nd period - Snap shot by Yanni Gourde.
3:56 of 2nd period - Shot Misses the Net.
3:58 of 2nd period - Snap shot by Carl Hagelin.
3:58 of 2nd period - Deflect By Johan Larsson.
3:58 of 2nd period - Shot Misses the Net.
3:58 of 2nd period - Puck is out of play.
3:59 of 2nd period - Alexander Steen wins face-off versus Jason Spezza in Rangers zone.
4:04 of 2nd period - Snap shot by Zach Parise.
4:04 of 2nd period - Shot Misses the Net.
4:06 of 2nd period - Snap shot by Andy Greene.
4:06 of 2nd period - Shot Misses the Net.
4:10 of 2nd period - Snap shot by Andrew Shaw.
4:10 of 2nd period - Deflect By Zach Parise.
4:10 of 2nd period - Stopped by Philipp Grubauer without a rebound.
4:11 of 2nd period - Eric Staal wins face-off versus Mike Ribeiro in Rangers zone.
4:36 of 2nd period - Brayden Schenn is hit by Andrew Shaw and loses puck.
4:47 of 2nd period - Ian Cole is hit by Niklas Hjalmarsson and loses puck.
4:58 of 2nd period - Wrist shot by Jason Chimera.
4:58 of 2nd period - Stopped by Mike Condon without a rebound.
4:59 of 2nd period - Yanni Gourde wins face-off versus Torrey Mitchell in Blackhawks zone.
5:24 of 2nd period - Henrik Zetterberg is hit by Mike Ribeiro and loses puck.
5:29 of 2nd period - Wrist shot by Justin Williams.
5:29 of 2nd period - Shot Blocked by Marc Methot.
5:31 of 2nd period - Wrist shot by Kyle Connor.
5:31 of 2nd period - Stopped by Mike Condon without a rebound.
5:32 of 2nd period - Alexander Steen wins face-off versus Brayden Schenn in Blackhawks zone.
5:45 of 2nd period - Wrist shot by Zach Parise.
5:45 of 2nd period - Stopped by Philipp Grubauer with a rebound.
5:47 of 2nd period - Snap shot by Zach Parise.
5:47 of 2nd period - Deflect By Andrew Shaw.
5:47 of 2nd period - Stopped by Philipp Grubauer without a rebound.
5:48 of 2nd period - Mike Ribeiro wins face-off versus Eric Staal in Rangers zone.
5:55 of 2nd period - Slapshot by Kyle Connor.
5:55 of 2nd period - Stopped by Mike Condon without a rebound.
5:56 of 2nd period - Eric Staal wins face-off versus Mike Ribeiro in Blackhawks zone.
6:13 of 2nd period - Slapshot by Henrik Zetterberg.
6:13 of 2nd period - Stopped by Philipp Grubauer with a rebound.
6:19 of 2nd period - Wrist shot by Justin Williams.
6:19 of 2nd period - Stopped by Mike Condon without a rebound.
6:20 of 2nd period - Alexander Steen wins face-off versus Jason Spezza in Blackhawks zone.
6:38 of 2nd period - Minor Penalty to Andrew Shaw for Hooking.
6:39 of 2nd period - Jason Spezza wins face-off versus Eric Staal in Blackhawks zone.
6:39 of 2nd period - Snap shot by Artemi Panarin.
6:39 of 2nd period - Stopped by Mike Condon without a rebound.
6:40 of 2nd period - Jason Spezza wins face-off versus Eric Staal in Blackhawks zone.
6:59 of 2nd period - Niklas Hjalmarsson is hit by Matt Niskanen and loses puck.
7:14 of 2nd period - Wrist shot by Cam Atkinson.
7:14 of 2nd period - Shot Misses the Net.
7:36 of 2nd period - Slapshot by Kyle Connor.
7:36 of 2nd period - Deflect By Mike Ribeiro.
7:36 of 2nd period - Stopped by Mike Condon with a rebound.
7:38 of 2nd period - Slapshot by Matt Niskanen.
7:38 of 2nd period - Shot Misses the Net.
7:50 of 2nd period - Snap shot by Kyle Connor.
7:50 of 2nd period - Shot Misses the Net.
8:03 of 2nd period - Wrist shot by Eric Staal.
8:03 of 2nd period - Stopped by Philipp Grubauer without a rebound.
8:04 of 2nd period - Alexander Steen wins face-off versus Jason Spezza in Rangers zone.
8:38 of 2nd period - Penalty to Andrew Shaw is over, Andrew Shaw is back on ice.
8:47 of 2nd period - Snap shot by Jason Chimera.
8:47 of 2nd period - Goal by Jason Chimera - Rangers : 1 - Blackhawks : 0.
8:48 of 2nd period - Jason Spezza wins face-off versus Henrik Zetterberg in neutral zone.
9:02 of 2nd period - Off-side.
9:03 of 2nd period - Mike Ribeiro wins face-off versus Andrew Shaw in neutral zone.
10:01 of 2nd period - Off-side.
10:02 of 2nd period - Kyle Connor wins face-off versus Alexander Steen in neutral zone.
10:13 of 2nd period - Slapshot by Mike Ribeiro.
10:13 of 2nd period - Stopped by Mike Condon without a rebound.
10:14 of 2nd period - Jason Spezza wins face-off versus Alexander Steen in Blackhawks zone.
10:51 of 2nd period - Ron Hainsey is hit by Andrew Shaw and loses puck.
11:18 of 2nd period - Wrist shot by Eric Staal.
11:18 of 2nd period - Deflect By Henrik Zetterberg.
11:18 of 2nd period - Shot Blocked by Kyle Connor.
11:18 of 2nd period - Puck is out of play.
11:19 of 2nd period - Jason Spezza wins face-off versus Yanni Gourde in Rangers zone.
12:52 of 2nd period - Andrew Shaw is hit by Johan Larsson.
13:22 of 2nd period - Slapshot by Nick Ritchie.
13:22 of 2nd period - Stopped by Mike Condon with a rebound.
14:46 of 2nd period - Wrist shot by Johan Larsson.
14:46 of 2nd period - Deflect By Shawn Matthias.
14:46 of 2nd period - Shot Blocked by Brandon Davidson.
14:46 of 2nd period - Puck is out of play.
14:47 of 2nd period - Eric Staal wins face-off versus Jason Spezza in Blackhawks zone.
15:16 of 2nd period - Icing by Justin Williams.
15:17 of 2nd period - Mike Ribeiro wins face-off versus Andrew Shaw in Rangers zone.
15:32 of 2nd period - Wrist shot by Kyle Connor.
15:32 of 2nd period - Stopped by Mike Condon without a rebound.
15:33 of 2nd period - Jason Spezza wins face-off versus Eric Staal in Blackhawks zone.
15:36 of 2nd period - Slapshot by Artemi Panarin.
15:36 of 2nd period - Shot Blocked by Ryan Ellis.
15:58 of 2nd period - Mike Ribeiro is hit by Andrew Shaw and loses puck.
16:25 of 2nd period - Niklas Hjalmarsson is hit by Matt Niskanen and loses puck.
17:00 of 2nd period - Snap shot by Artemi Panarin.
17:00 of 2nd period - Stopped by Mike Condon with a rebound.
17:02 of 2nd period - Slapshot by Artemi Panarin.
17:02 of 2nd period - Stopped by Mike Condon with a rebound.
17:04 of 2nd period - Snap shot by Ron Hainsey.
17:04 of 2nd period - Stopped by Mike Condon without a rebound.
17:05 of 2nd period - Alexander Steen wins face-off versus Mike Ribeiro in Blackhawks zone.
17:07 of 2nd period - Minor Penalty to Alexander Steen for Slashing.
17:08 of 2nd period - Jason Spezza wins face-off versus Eric Staal in Blackhawks zone.
17:20 of 2nd period - Snap shot by Artemi Panarin.
17:20 of 2nd period - Stopped by Mike Condon with a rebound.
17:22 of 2nd period - Snap shot by Artemi Panarin.
17:22 of 2nd period - Stopped by Mike Condon with a rebound.
17:24 of 2nd period - Slapshot by Ron Hainsey.
17:24 of 2nd period - Goal by Ron Hainsey - Rangers : 2 - Blackhawks : 0.
17:25 of 2nd period - Jason Spezza wins face-off versus Eric Staal in neutral zone.
17:32 of 2nd period - Snap shot by Cam Atkinson.
17:32 of 2nd period - Stopped by Philipp Grubauer with a rebound.
17:40 of 2nd period - Snap shot by Cam Atkinson.
17:40 of 2nd period - Deflect By Henrik Zetterberg.
17:40 of 2nd period - Shot Misses the Net.
17:40 of 2nd period - Puck is out of play.
17:41 of 2nd period - Alexander Steen wins face-off versus Mike Ribeiro in Rangers zone.
17:46 of 2nd period - Wrist shot by Andrew Shaw.
17:46 of 2nd period - Goal by Andrew Shaw - Rangers : 2 - Blackhawks : 1.
17:47 of 2nd period - Mike Ribeiro wins face-off versus Alexander Steen in neutral zone.
18:20 of 2nd period - Wrist shot by Mike Ribeiro.
18:20 of 2nd period - Stopped by Mike Condon with a rebound.
18:26 of 2nd period - Wrist shot by Andrew Shaw.
18:26 of 2nd period - Shot Blocked by Justin Williams.
18:28 of 2nd period - Slapshot by Marc Methot.
18:28 of 2nd period - Deflect By Kyle Connor.
18:28 of 2nd period - Stopped by Philipp Grubauer with a rebound.
18:30 of 2nd period - Slapshot by Marc Methot.
18:30 of 2nd period - Shot Blocked by Ian Cole.
18:32 of 2nd period - Snap shot by Alexander Steen.
18:32 of 2nd period - Stopped by Philipp Grubauer with a rebound.
18:34 of 2nd period - Slapshot by Marc Methot.
18:34 of 2nd period - Goal by Marc Methot - Rangers : 2 - Blackhawks : 2.
18:35 of 2nd period - Eric Staal wins face-off versus Jason Spezza in neutral zone.
18:37 of 2nd period - Off-side.
18:38 of 2nd period - Jason Spezza wins face-off versus Eric Staal in neutral zone.
19:00 of 2nd period - Icing by Ryan Ellis.
19:01 of 2nd period - Mike Ribeiro wins face-off versus Eric Staal in Blackhawks zone.
19:02 of 2nd period - Snap shot by Kyle Connor.
19:02 of 2nd period - Stopped by Mike Condon with a rebound.
19:23 of 2nd period - Minor Penalty to Ian Cole for Hooking.
19:24 of 2nd period - Alexander Steen wins face-off versus Ben Smith in Rangers zone.
19:24 of 2nd period - Slapshot by Zach Parise.
19:24 of 2nd period - Goal by Zach Parise - Rangers : 2 - Blackhawks : 3.
19:25 of 2nd period - Jason Spezza wins face-off versus Alexander Steen in neutral zone.
19:47 of 2nd period - Icing by Marc Methot.
19:48 of 2nd period - Mike Ribeiro wins face-off versus Alexander Steen in Blackhawks zone.
19:49 of 2nd period - Snap shot by Kyle Connor.
19:49 of 2nd period - Stopped by Mike Condon with a rebound.
19:51 of 2nd period - Snap shot by Kyle Connor.
19:51 of 2nd period - Stopped by Mike Condon with a rebound.
19:53 of 2nd period - Backhand shot by Justin Williams.
19:53 of 2nd period - Shot Misses the Net.
Goals for this period are 2 for Rangers vs 3 for Blackhawks.
Shots for this period are 20 for Rangers vs 12 for Blackhawks.

3rd period


0:01 of 3rd period - Jason Spezza wins face-off versus Eric Staal in neutral zone.
0:29 of 3rd period - Niklas Hjalmarsson is hit by Zdeno Chara and loses puck.
0:45 of 3rd period - Off-side.
0:46 of 3rd period - Yanni Gourde wins face-off versus Torrey Mitchell in neutral zone.
2:28 of 3rd period - Derek Forbort is hit by Nick Ritchie and loses puck.
2:41 of 3rd period - Slapshot by Carl Hagelin.
2:41 of 3rd period - Stopped by Philipp Grubauer without a rebound.
2:42 of 3rd period - Jason Spezza wins face-off versus Eric Staal in Rangers zone.
2:42 of 3rd period - Jason Spezza is hit by Cam Atkinson.
2:54 of 3rd period - Wrist shot by Cam Atkinson.
2:54 of 3rd period - Shot Misses the Net.
2:56 of 3rd period - Slapshot by Marc Methot.
2:56 of 3rd period - Shot Misses the Net.
2:58 of 3rd period - Wrist shot by Eric Staal.
2:58 of 3rd period - Stopped by Philipp Grubauer with a rebound.
3:16 of 3rd period - Snap shot by Andrew Shaw.
3:16 of 3rd period - Stopped by Philipp Grubauer without a rebound.
3:17 of 3rd period - Mike Ribeiro wins face-off versus Eric Staal in Rangers zone.
3:19 of 3rd period - Icing by Justin Williams.
3:20 of 3rd period - Mike Ribeiro wins face-off versus Eric Staal in Rangers zone.
3:31 of 3rd period - Wrist shot by Mike Ribeiro.
3:31 of 3rd period - Stopped by Mike Condon with a rebound.
3:33 of 3rd period - Wrist shot by Kyle Connor.
3:33 of 3rd period - Shot Blocked by Ryan Ellis.
3:35 of 3rd period - Slapshot by Ron Hainsey.
3:35 of 3rd period - Stopped by Mike Condon with a rebound.
3:41 of 3rd period - Minor Penalty to Ryan Ellis for Hooking.
3:42 of 3rd period - Eric Staal wins face-off versus Jason Spezza in Blackhawks zone.
3:47 of 3rd period - Snap shot by Brayden Schenn.
3:47 of 3rd period - Stopped by Mike Condon without a rebound.
3:48 of 3rd period - Jason Spezza wins face-off versus Eric Staal in Blackhawks zone.
4:43 of 3rd period - Slapshot by Matt Niskanen.
4:43 of 3rd period - Stopped by Mike Condon with a rebound.
5:41 of 3rd period - Penalty to Ryan Ellis is over, Ryan Ellis is back on ice.
5:55 of 3rd period - Slapshot by Johan Larsson.
5:55 of 3rd period - Shot Blocked by Niklas Hjalmarsson.
5:57 of 3rd period - Slapshot by Johan Larsson.
5:57 of 3rd period - Stopped by Mike Condon with a rebound.
6:16 of 3rd period - Alexander Steen is hit by Jason Chimera and loses puck.
6:29 of 3rd period - Ryan Ellis is hit by Johan Larsson and loses puck.
6:44 of 3rd period - Johan Larsson is hit by Ryan Ellis and loses puck.
6:49 of 3rd period - Snap shot by Yanni Gourde.
6:49 of 3rd period - Shot Misses the Net.
6:51 of 3rd period - Slapshot by Brandon Davidson.
6:51 of 3rd period - Shot Blocked by Ian Cole.
7:40 of 3rd period - Icing by Marc Methot.
7:41 of 3rd period - Torrey Mitchell wins face-off versus Vladislav Namestnikov in Blackhawks zone.
8:14 of 3rd period - Backhand shot by Jason Spezza.
8:14 of 3rd period - Shot Misses the Net.
8:28 of 3rd period - Andrew Shaw is hit by Mike Ribeiro and loses puck.
8:54 of 3rd period - Snap shot by Yanni Gourde.
8:54 of 3rd period - Stopped by Philipp Grubauer with a rebound.
8:56 of 3rd period - Snap shot by Carl Hagelin.
8:56 of 3rd period - Shot Misses the Net.
10:12 of 3rd period - Esa Lindell is hit by Ryan Ellis and loses puck.
10:23 of 3rd period - Justin Williams is hit by Andrew Shaw and loses puck.
10:33 of 3rd period - Ian Cole is hit by Andrew Shaw and loses puck.
10:40 of 3rd period - Andrew Shaw is hit by Ian Cole and loses puck.
10:53 of 3rd period - Alexander Steen is hit by Matt Niskanen and loses puck.
10:58 of 3rd period - Snap shot by Justin Williams.
10:58 of 3rd period - Stopped by Mike Condon without a rebound.
10:59 of 3rd period - Eric Staal wins face-off versus Artemi Panarin in Blackhawks zone.
11:08 of 3rd period - Esa Lindell is hit by Cam Atkinson and loses puck.
11:13 of 3rd period - Snap shot by Cam Atkinson.
11:13 of 3rd period - Shot Hit the Post.
11:15 of 3rd period - Snap shot by Ryan Ellis.
11:15 of 3rd period - Stopped by Philipp Grubauer with a rebound.
11:25 of 3rd period - Brayden Schenn is hit by Ryan Ellis and loses puck.
11:32 of 3rd period - Wrist shot by Chris Kunitz.
11:32 of 3rd period - Shot Misses the Net.
11:38 of 3rd period - Snap shot by Brayden Schenn.
11:38 of 3rd period - Shot Misses the Net.
11:40 of 3rd period - Slapshot by Esa Lindell.
11:40 of 3rd period - Deflect By Brayden Schenn.
11:40 of 3rd period - Stopped by Mike Condon with a rebound.
12:53 of 3rd period - Wrist shot by Brayden Schenn.
12:53 of 3rd period - Shot Misses the Net.
13:49 of 3rd period - Snap shot by Jason Spezza.
13:49 of 3rd period - Stopped by Mike Condon with a rebound.
13:51 of 3rd period - Slapshot by Esa Lindell.
13:51 of 3rd period - Shot Blocked by Brett Connolly.
13:53 of 3rd period - Slapshot by Brayden Schenn.
13:53 of 3rd period - Stopped by Mike Condon without a rebound.
13:54 of 3rd period - Henrik Zetterberg wins face-off versus Mike Ribeiro in Blackhawks zone.
14:26 of 3rd period - Wrist shot by Shawn Matthias.
14:26 of 3rd period - Stopped by Mike Condon with a rebound.
14:28 of 3rd period - Slapshot by Ron Hainsey.
14:28 of 3rd period - Shot Blocked by Andy Greene.
14:43 of 3rd period - Off-side.
14:44 of 3rd period - Eric Staal wins face-off versus Mike Ribeiro in neutral zone.
15:39 of 3rd period - Slapshot by Alexander Steen.
15:39 of 3rd period - Shot Misses the Net.
15:41 of 3rd period - Slapshot by Marc Methot.
15:41 of 3rd period - Stopped by Philipp Grubauer with a rebound.
15:43 of 3rd period - Backhand shot by Zach Parise.
15:43 of 3rd period - Stopped by Philipp Grubauer with a rebound.
16:31 of 3rd period - Icing by Yanni Gourde.
16:32 of 3rd period - Torrey Mitchell wins face-off versus Sven Andrighetto in Blackhawks zone.
16:41 of 3rd period - Snap shot by Carl Hagelin.
16:41 of 3rd period - Shot Blocked by Matt Niskanen.
16:57 of 3rd period - Henrik Zetterberg is hit by Shawn Matthias and loses puck.
17:04 of 3rd period - Wrist shot by Eric Staal.
17:04 of 3rd period - Stopped by Philipp Grubauer with a rebound.
17:06 of 3rd period - Wrist shot by Henrik Zetterberg.
17:06 of 3rd period - Shot Misses the Net.
17:08 of 3rd period - Slapshot by Brandon Davidson.
17:08 of 3rd period - Shot Blocked by Matt Niskanen.
18:17 of 3rd period - Slapshot by Ron Hainsey.
18:17 of 3rd period - Stopped by Mike Condon without a rebound.
18:18 of 3rd period - Johan Larsson wins face-off versus Alexander Steen in Blackhawks zone.
18:19 of 3rd period - Wrist shot by Shawn Matthias.
18:19 of 3rd period - Shot Misses the Net.
19:02 of 3rd period - Rangers, Philipp Grubauer is pulled from the net.
19:59 of 3rd period - Snap shot by Brayden Schenn.
19:59 of 3rd period - Stopped by Mike Condon without a rebound.
Goals for this period are 0 for Rangers vs 0 for Blackhawks.
Shots for this period are 12 for Rangers vs 8 for Blackhawks.